Map: Tours du crépuscule

Players

Jasmine - Winner!

  • Race: Terran Terran
  • Spawn Location: 7:00

zidar

  • Race: Zerg Zerg
  • League: Silver
  • Spawn Location: 1:00

VOD

Have the link to the VOD?

Description

Time

  • Played on: Nov. 21, 2015, 9:18 a.m.
  • Length: 10:04
Show
View Real Time Build Order
Export as new Build Order

Jasmine Terran - Winner!

Build Orders: Gas First Reaper Expand, Liberator Opening 

Get SALT Encoding   

  12  0:02  SCV  
  13  0:14  SCV  
  14  0:21  Supply Depot  
  14  0:26  SCV  
  15  0:28  Refinery  
  15  0:43  SCV  
  15  0:45  Barracks  
  16  0:55  SCV  
  17  1:07  SCV, Supply Depot  
  18  1:19  SCV  
  19  1:32  Orbital Command  
  19  1:33  Reaper  
  20  1:54  Command Center  
  20  1:59  SCV  
  21  2:09  Factory  
  21  2:11  Barracks Reactor  
  21  2:13  SCV  
  22  2:18  Refinery  
  22  2:25  SCV  
  23  2:37  SCV  
  24  2:49  SCV  
  25  2:53  Supply Depot  
  25  2:55  Starport  
  25  3:01  SCV  
  25  3:05  Barracks Tech Lab  
  26  3:06  Hellion x2  
  26  3:11  Orbital Command  
  30  3:14  SCV  
  31  3:26  SCV  
  32  3:27  Hellion  
  32  3:31  Hellion  
  32  3:34  Liberator  
  35  3:47  SCV  
  37  3:48  SCV  
  37  3:55  Hellion x2  
  44  4:00  Armory, SCV  
  45  4:05  Barracks Tech Lab, SCV  
  46  4:12  SCV  
  47  4:19  SCV  
  47  4:23  Command Center  
  48  4:24  SCV  
  48  4:27  Hellion  
  51  4:31  Marine  
  52  4:45  Hellion  
  54  4:50  Barracks  
  54  4:52  Barracks  
  54  4:54  Barracks  
  54  4:55  Supply Depot  
  54  5:16  SCV x2  
  54  5:17  Hellion x2  
  52  5:28  SCV x2  
  52  5:31  Stimpack  
  54  5:35  Supply Depot x2  
  54  5:36  Supply Depot  
  54  5:38  Starport Reactor, Hellion x2  
  54  5:40  SCV  
  59  5:48  SCV  
  60  5:52  Engineering Bay  
  60  5:53  SCV  
  60  5:55  Barracks Reactor x2  
  60  5:56  Barracks Reactor  
  61  5:59  Hellion  
  61  6:03  SCV  
  64  6:05  SCV  
  64  6:09  Bunker  
  64  6:10  Orbital Command  
  64  6:11  Bunker  
  62  6:12  Widow Mine  
  62  6:15  SCV  
  62  6:17  Marauder, SCV  
  62  6:18  Medivac  
  68  6:20  Medivac  
  70  6:26  Barracks  
  70  6:27  SCV  
  71  6:33  Terran Infantry Weapons Level 1  
  71  6:36  Engineering Bay  
  71  6:37  Marine x2  
  73  6:43  SCV x2  
  73  6:45  Refinery  
  73  6:46  Refinery  
  75  6:56  SCV  
  75  6:57  Supply Depot  
  75  6:58  Supply Depot x2  
  76  7:07  Marine x2, Marauder  
  84  7:10  Medivac x2  
  84  7:12  SCV x2  
  90  7:15  Widow Mine x2  
  90  7:19  Armory  
  90  7:21  Marine  
  90  7:22  SCV  
  92  7:23  Supply Depot  
  92  7:24  Supply Depot  
  92  7:25  SCV  
  92  7:28  Marauder  
  95  7:30  Combat Shield  
  95  7:37  SCV  
  96  7:38  SCV  
  96  7:39  Marine x2  
  96  7:40  Marine x2  
  101  7:49  Medivac x2  
  101  7:50  Marauder  
  101  7:51  SCV  
  108  7:55  Barracks, SCV  
  108  7:57  Barracks, Refinery  
  108  7:58  Barracks, Refinery  
  109  8:10  Marine x2  
  109  8:11  Marauder  
  113  8:19  Medivac  
  115  8:20  Marine x3  
  115  8:22  Medivac  
  120  8:28  Widow Mine x2  
  120  8:33  Marauder, SCV x2  
  124  8:40  SCV  
  121  8:45  SCV x2  
  121  8:46  Command Center  
  117  8:48  Barracks Tech Lab x2  
  117  8:49  Medivac  
  117  8:51  Barracks Reactor  
  117  8:54  Marauder  
  121  8:58  SCV x2  
  123  9:05  Concussive Shells  
  127  9:11  Widow Mine x2  
  127  9:13  SCV  
  127  9:15  Marine, Marauder x4  
  127  9:16  Marine x4  
  141  9:20  Supply Depot  
  141  9:27  Supply Depot  
  141  9:32  Supply Depot  
  141  9:33  Supply Depot  
  141  9:40  Marine x2, SCV  
  141  9:41  Marine x2  
  141  9:42  Marauder x3  
Show
View Real Time Build Order
Export as new Build Order

zidar Zerg 

Build Orders: Hatch First 

Get SALT Encoding   

  12  0:03  Drone  
  13  0:10  Drone  
  14  0:18  Overlord  
  14  0:23  Extractor, Drone  
  15  0:37  Drone x2  
  17  0:49  Drone  
  18  1:01  Drone  
  19  1:04  Hatchery  
  19  1:07  Extractor  
  17  1:21  Spawning Pool  
  17  1:22  Drone  
  17  1:25  Drone  
  18  1:34  Overlord  
  18  1:39  Drone  
  19  1:56  Drone  
  20  2:04  Drone  
  20  2:08  Queen  
  21  2:10  Metabolic Boost  
  23  2:15  Queen  
  25  2:34  Drone  
  25  3:00  Zergling x6  
  28  3:07  Overlord x2  
  28  3:15  Drone  
  28  3:16  Drone x2  
  31  3:23  Baneling Nest  
  29  3:42  Roach Warren  
  29  3:46  Lair  
  28  3:51  Extractor  
  28  3:55  Drone x8  
  35  4:09  Overlord  
  35  4:11  Queen  
  37  4:26  Extractor  
  37  4:29  Extractor  
  36  4:31  Zergling x6  
  36  4:32  Zergling x8  
  36  4:35  Baneling x2  
  36  4:36  Baneling  
  42  4:46  Queen  
  44  5:07  Roach x4  
  46  5:12  Overlord x3  
  46  5:13  Overlord  
  48  5:34  Roach  
  48  5:35  Roach x5  
  60  5:38  Ravager  
  60  5:39  Ravager  
  57  5:50  Ravager  
  50  6:26  Drone x7  
  57  7:01  Drone  
  58  7:05  Roach  
  58  7:06  Roach x7  
  74  7:34  Ravager  
  74  7:35  Ravager  
  74  7:36  Ravager  
  77  7:50  Evolution Chamber  
  76  7:53  Evolution Chamber  
  75  8:04  Spore Crawler, Hatchery  
  64  8:57  Roach  
  64  8:58  Roach x4  
  73  9:28  Roach  
Tags
 
Add a new tag
Caveats
  • Supply blocks, unpowered buildings, or Contaminate may cause inaccurate times.
  • Supply counts are checked every 10 seconds.